 Dungeon Crawl Stone Soup version 0.23-a0-584-g44dd78f (webtiles) character file.

69 zishaf the Insei (level 4, -2/33 HPs)
             Began as a Demonspawn Transmuter on Dec 18, 2018.
             Slain by a gnoll
             ... wielding a +0 flail
              (10 damage)
             ... on level 2 of the Dungeon.
             The game lasted 00:05:05 (1620 turns).

zishaf the Insei (Demonspawn Transmuter)            Turns: 1620, Time: 00:05:06

Health: -2/33      AC:  5    Str: 12    XL:     4   Next: 2%
Magic:  7/7        EV: 11    Int: 14    God:
Gold:   49         SH:  0    Dex: 13    Spells: 6/7 levels left

rFire    . . .     SeeInvis .     - Unarmed
rCold    . . .     Gourm    .   (no shield)
rNeg     . . .     Faith    .   f - +0 ring mail
rPois    .         Spirit   .   (helmet restricted)
rElec    .         Reflect  .   (no cloak)
rCorr    .         Harm     .   (no gloves)
MR       .....                  (boots currently unavailable)
Stlth    +.........             c - amulet of rage
HPRegen  0.11/turn              (no ring)
MPRegen  0.10/turn              (no ring)

@: appendage (expiring)
A: horns 1, talons 3
a: End Transformation, Evoke Berserk Rage


You were on level 2 of the Dungeon.
You were hungry.
You had grown temporary talons.
You visited 1 branch of the dungeon, and saw 2 of its levels.

You collected 49 gold pieces.

Inventory:

Hand Weapons
 i - a cursed -1 hunting sling
Missiles
 a - 12 arrows
 j - 56 stones (quivered)
Armour
 b - a +0 robe
 f - a +0 ring mail (worn)
Jewellery
 c - an amulet of rage (around neck)
Scrolls
 h - a scroll of noise {unknown}
 l - a scroll of teleportation {unknown}
Potions
 e - a potion of curing {unknown}
 k - a potion of heal wounds {unknown}
Comestibles
 d - 2 rations


   Skills:
 + Level 2.0 Fighting
 + Level 2.5 Dodging
 + Level 3.2 Unarmed Combat
 - Level 2.0 Spellcasting
 + Level 2.5 Transmutations


You had 6 spell levels left.
You knew the following spells:

 Your Spells              Type           Power        Failure   Level  Hunger
a - Beastly Appendage     Tmut           #.....       19%         1    ##.....

Your spell library contained the following spells:

 Spells                   Type           Power        Failure   Level  Hunger
 Sticks to Snakes         Tmut           #.......     28%         2    ###....
 Spider Form              Tmut/Pois      #.........   67%         3    ####...
 Ice Form                 Ice/Tmut       #.......     97%         4    #####..
 Blade Hands              Tmut           #.........   99%         5    ######.


Dungeon Overview and Level Annotations

Branches:
Dungeon (2/15)

Altars:
Hepliaklqana


Innate Abilities, Weirdness & Mutations

You have a pair of small horns on your head.
You have claws for feet.


Message History

The ball python bites you.
* * * LOW HITPOINT WARNING * * *
The ball python misses you.
The ball python bites you but does no damage.
The ball python barely misses you. The ball python barely misses you.
The ball python grabs you. The ball python constricts you.
Casting: Beastly Appendage (safe; 21% risk of failure)
Confirm with . or Enter, or press ? or * to list all spells.
Your feet morph into talons.
You are feeling hungry.
The ball python barely misses you. The ball python constricts you.
You hit the ball python.
You kill the ball python!
Your Fighting skill increases to level 2!
Your transformation is almost over.
There is an open door here.
There is a stone staircase leading up, spattered with blood here.
The gnoll hits you with a +0 flail!
You die...

#.......# #.......# ######
#.......# #....#
#.......#######
#....#######..>.......
##..........'.รท...#####
#..........##.....#....
#...)................##
#.....@....##.....####
#.....g....##..g..#####
#..........##....g.#.>.
#..........##....#g#.##
####.#g######....#.#.##
####'#K................
#####.......######K#####.#.
............## ###.......#.
#####........# #...g.#####.


You could see 2 gnolls and a kobold.

Vanquished Creatures
  2 gnolls
  An ooze (D:1)
  A dart slug (D:1)
  A leopard gecko (D:2)
  5 ball pythons
  4 bats
  7 goblins
  3 hobgoblins (D:1)
  4 jackals (D:1)
  6 kobolds
  5 rats
  A plant (D:1)
40 creatures vanquished.

Notes
Turn   | Place    | Note
-------+----------+-------------------------------------------
     0 | D:1      | zishaf the Demonspawn Transmuter began the quest for the
                  | Orb.
     0 | D:1      | Reached XP level 1. HP: 15/15 MP: 3/3
    70 | D:1      | Mutation became permanent: You have a pair of small horns
                  | on your head. [demonic ancestry]
    70 | D:1      | Gained mutation: You have a pair of horns on your head.
                  | [demonic ancestry]
    70 | D:1      | Reached XP level 2. HP: 20/21 MP: 3/5
   456 | D:1      | Reached skill level 3 in Unarmed Combat
   592 | D:1      | Reached XP level 3. HP: 21/26 MP: 6/6
  1313 | D:2      | Found a hazy altar of Hepliaklqana.
  1350 | D:2      | Reached XP level 4. HP: 8/33 MP: 7/7
  1620 | D:2      | Slain by a gnoll

Vault maps used:
D:1:      psy_arrival_statuary, serial_forest, infiniplex_forest_lined_1,
          infiniplex_forest_end_2, infiniplex_forest_end_3,
          infiniplex_forest_3_way, infiniplex_forest_straight_2
D:2:      minmay_diamond_boxcup, first_ration, minmay_hexomino_r4,
          uniq_crazy_yiuf_cottage

Skill      XL: |  1  2  3  4 |
---------------+-------------+-----
Dodging        | 2 |  2.5
Transmutations | 2 |  2.5
Unarmed Combat | 3 |  3.2
Fighting       | 2 |  2.0
Spellcasting   | |  2.0

Action                   |  1- 3 |  4- 6 || total
-------------------------+-------+-------++-------
Melee: Unarmed           |   150 |     1 ||   151
       Headbutt          |    26 |       ||    26
       Kick              |    11 |       ||    11
       Punch             |     1 |       ||     1
 Cast: Beastly Appendage |     7 |     1 ||     8
  Eat: Chunk             |     2 |       ||     2
Armor: Ring mail         |    48 |     6 ||    54
Dodge: Dodged            |    78 |    16 ||    94

Table legend:
 A = Non-vault XP
 B = Vault XP
 C = Vault XP percentage of total XP
 D = Non-vault monster count
 E = Vault monster count
 F = Vault count percentage of total count
                 A         B        C        D         E       F
            +---------+---------+-------+---------+---------+-------
      Total |      92 |       7 |   7.1 |      35 |       4 |  10.3
            +---------+---------+-------+---------+---------+-------
        D:1 |      65 |       0 |   0.0 |      27 |       0 |   0.0
        D:2 |      27 |       7 |  20.6 |       8 |       4 |  33.3
            +---------+---------+-------+---------+---------+-------
